 Dungeon Crawl Stone Soup version 0.30-a0-639-g3916f1956a (webtiles) character file.

Game seed: 3883956762456072312

250 Mitcholas the Chopper (level 6, -3/55 HPs)
             Began as a Gargoyle Fighter on Jan 16, 2023.
             Slain by an orc
             ... wielding a +0 whip
              (5 damage)
             ... on level 4 of the Dungeon.
             The game lasted 00:05:29 (2548 turns).

Mitcholas the Chopper (Gargoyle Fighter)            Turns: 2548, Time: 00:05:30

Health: -3/55      AC: 27    Str: 25 (28) XL:     6   Next: 13%
Magic:  6/6        EV:  2    Int:  7 (8)  God:
Gold:   105        SH:  4    Dex:  7 (9)  Spells: 5/5 levels left

rFire   . . .      SeeInvis .    v - +0 broad axe
rCold   . . .      Faith    .    c - +0 buckler
rNeg    + . .      Spirit   .    (body armour currently unavailable)
rPois   ∞          Reflect  .    (helmet currently unavailable)
rElec   .          Harm     .    (cloak currently unavailable)
rCorr   .          Rampage  .    (gloves currently unavailable)
Will    .....      NoTele   +    (boots currently unavailable)
Stlth   +                        (no amulet)
HPRegen 0.29/turn                r - +6 ring of strength
MPRegen 0.10/turn                t - +4 ring of protection

@: tree-form
A: stationary, stasis, torment immunity, boosted hp, sickness immunity, AC +4,
negative energy resistance 1, (electricity resistance), torment resistance 1,
petrification resistance
a: no special abilities


You were on level 4 of the Dungeon.
You were a tree.
You visited 1 branch of the dungeon, and saw 4 of its levels.

You collected 161 gold pieces.
You spent 56 gold pieces at shops.

Inventory:

Hand Weapons
 v - a +0 broad axe (weapon)
Missiles
 h - 5 datura-tipped darts (quivered)
Armour
 b - a +0 scale mail (melded)
 c - a +0 buckler (worn)
 j - a +1 pair of boots (melded)
 p - a +0 helmet (melded)
Jewellery
 r - a +6 ring of strength (left branch)
 t - a +4 ring of protection (right branch)
Wands
 a - a wand of flame (24)
 s - a wand of paralysis (9)
Scrolls
 e - a scroll of vulnerability {unknown}
 f - 4 scrolls of identify {unknown}
 g - 2 scrolls of teleportation {unknown}
 k - a scroll of magic mapping {unknown}
 l - 2 scrolls of fog {unknown}
 n - a scroll of brand weapon {unknown}
 q - a scroll of amnesia {unknown}
Potions
 d - a potion of might
 i - a potion of haste {unknown}
 o - a potion of heal wounds {unknown}
 u - a potion of degeneration


   Skills:
 - Level 3.2 Fighting
 * Level 5.7 Axes
 - Level 3.2 Armour
 - Level 3.2 Shields


You had 5 spell levels left.
You didn't know any spells.
Your spell library was empty.

Dungeon Overview and Level Annotations

Branches:
Dungeon (4/15)
 Temple: D:4-7

Altars:
Gozag
Qazlal
Vehumet
The Shining One

Shops:
D:4 (:!*(


Innate Abilities, Weirdness & Mutations

You are a tree.
Your roots penetrate the ground, keeping you stationary.
You cannot be teleported.
You are immune to unholy pain and torment.
Your maximum health is greatly increased.
Your equipment is partially melded.
You are immune to sickness and miasma.
((Your stone body is resilient. (AC +4)))
You are immune to poison.
You resist negative energy. (rN+)
((You are resistant to electric shocks. (rElec)))
You are resistant to unholy torment.
You are immune to petrification.


Message History

Your roots penetrate the ground.
An orc comes into view. It is wielding a +0 flail.
The gnoll hits you from afar with a +0 spear.
* * * LOW HITPOINT WARNING * * *
The orc hits you but does no damage.
You are too injured to fight recklessly!
You closely miss the orc. The gnoll hits you but does no damage.
You slash the orc!
You kill the orc!
The orc hits you but does no damage.
You closely miss the orc. The orc hits you but does no damage.
The gnoll throws a javelin.
The javelin pierces through you but does no damage.
You barely miss the orc. You hit the orc but do no damage.
The gnoll throws a javelin.
The javelin pierces through you but does no damage.
You block the orc's attack. The orc hits you with a +0 whip.
* * * LOW HITPOINT WARNING * * *
The gnoll throws a javelin.
The javelin pierces through you.
* * * LOW HITPOINT WARNING * * *
The javelin pierces through the orc!
The orc dies!
You closely miss the orc. You barely miss the orc.
The gnoll throws a javelin.
The javelin pierces through you.
* * * LOW HITPOINT WARNING * * *
You block the orc's attack. The orc hits you but does no damage.
You completely miss the orc. You barely miss the orc.
You block the gnoll's attack. The orc hits you with a +0 whip.
* * * LOW HITPOINT WARNING * * *
The orc barely misses you.
You completely miss the orc. You barely miss the orc.
The gnoll throws a javelin.
The javelin pierces through you but does no damage.
The orc hits you but does no damage. x2; The gnoll throws a javelin.
The javelin pierces through you but does no damage.
The orc hits you but does no damage. The orc hits you with a +0 whip.
* * * LOW HITPOINT WARNING * * *
You closely miss the orc. x2; The gnoll hits you but does no damage.
The orc hits you with a +0 whip.
You die...

#.#...⌠.∩.⌠.....#.....#
...#.♣.♣.♣.♣.####......
.......).g...##...#....
.......))..).#....#....
.......................
......##..............
...#...#...##.........
..###..g......).......
.. #)♣##...####.......
......oo#..g.#..........
.....##go...........[...
.... #.#>..............
... ..#...............
#. ..#o..(#......†... .
... ...........<†. ....
#._.#....#... ..... #...


You could see a gnoll, 3 orcs and a goblin.

Vanquished Creatures
  A black bear (D:4)
  An iguana (D:4)
  A gnoll (D:4)
  3 adders (D:2)
  An ufetubus (D:4)
  2 worms
  A dart slug (D:2)
  6 orcs (D:4)
  4 bats
  2 endoplasms (D:2)
  A giant cockroach (D:2)
  6 goblins
  4 hobgoblins
  5 jackals
  7 quokkas
  11 ball pythons
  6 frilled lizards
  8 kobolds
  9 rats
79 creatures vanquished.

Vanquished Creatures (others)
  An orc (D:4)
1 creature vanquished.

Grand Total: 80 creatures vanquished

Notes
Turn   | Place    | Note
-------+----------+-------------------------------------------
     0 | D:1      | Mitcholas the Gargoyle Fighter began the quest for the Orb.
     0 | D:1      | Reached XP level 1. HP: 14/14 MP: 1/1
    18 | D:1      | Reached skill level 2 in Axes
    44 | D:1      | Reached XP level 2. HP: 17/19 MP: 2/2
   407 | D:1      | Reached skill level 3 in Axes
   543 | D:1      | Reached XP level 3. HP: 20/23 MP: 3/3
   649 | D:1      | Found a faded altar of an unknown god.
   650 | D:1      | Noticed a shining eye
   652 | D:1      | Noticed a floating eye
   652 | D:1      | Noticed an eye of devastation
   652 | D:1      | Noticed a floating eye
   723 | D:2      | Found a glowing golden altar of the Shining One.
   941 | D:2      | Reached XP level 4. HP: 26/28 MP: 4/4
  1126 | D:2      | Reached skill level 4 in Axes
  2119 | D:4      | Found an opulent altar of Gozag.
  2142 | D:4      | Noticed a black bear
  2155 | D:4      | Killed a black bear
  2156 | D:4      | Reached skill level 5 in Axes
  2156 | D:4      | Reached XP level 5. HP: 6/32 MP: 5/5
  2281 | D:4      | Found a stormy altar of Qazlal.
  2282 | D:4      | Found Lirchiobi's Weapon Emporium.
  2339 | D:4      | Bought a +0 broad axe for 56 gold pieces
  2388 | D:4      | Reached XP level 6. HP: 25/37 MP: 6/6
  2512 | D:4      | Found Zuoraf's Distillery.
  2513 | D:4      | Found Jitao's Weapon Shoppe.
  2515 | D:4      | Found Vaekiret's General Store.
  2517 | D:4      | Found Roahiago's Book Shoppe.
  2538 | D:4      | Found a radiant altar of Vehumet.
  2547 | D:4      | HP: 1/55 [orc/+0 whip (2)]
  2548 | D:4      | Slain by an orc

Illustrated notes

Levels and vault maps discovered:
D:1:      wander_arrival_fairy_ring, layout_loops_ring,
          hellmonk_ecumenical_altar_watching_god
D:2:      layout_basic, basic_altar
D:3:      layout_loops_corners, item_on_display_a
D:4:      layout_cave_pools, mainiacjoe_overflow_concentric_impassable,
          vehumet_altar_wand_db, nicolae_overflow_hidden_temple,
          temple_doors_cd, serial_shops, nicolae_shop_bloodbath_and_beyond,
          minmay_shop_grid_forest

Skill      XL: |  1  2  3  4 |
---------------+-------------+-----
Axes           | 2 3 5 |  5.7
Fighting       | |  3.2
Armour         | |  3.2
Shields        | |  3.2

Action                   |  1- 3 |  4- 6 || total
-------------------------+-------+-------++-------
Melee: War axe           |   116 |   105 ||   221
       Broad axe         |       |    41 ||    41
Evoke: Wand              |       |     3 ||     3
  Use: Potion            |       |     2 ||     2
 Stab: Paralysed         |       |     6 ||     6
Armor: Scale mail        |    59 |   102 ||   161
       Skin              |       |    13 ||    13
Dodge: Dodged            |    74 |    89 ||   163
Block: Buckler           |    27 |    44 ||    71

Table legend: (Time is in decaauts)
 A = Elapsed time spent in this place.
 B = Non-inter-level travel time spent in this place.
 C = Inter-level travel time spent in this place.
 D = Time resting spent in this place.
 E = Time spent auto-exploring this place.
 F = Levels seen in this place.
 G = Mean time per level.
                   A        B        C        D        E       F      G
               +--------+--------+--------+--------+--------+-----+--------+
         Total |   2643 |   2605 |     38 |    100 |   1823 |   4 |  660.8 |
       Dungeon |   2643 |   2605 |     38 |    100 |   1823 |   4 |  660.8 |
               +--------+--------+--------+--------+--------+-----+--------+

Top non-repeatable levels by time:
     D:3: 924 daAuts
     D:1: 753 daAuts
     D:2: 598 daAuts
     D:4: 366 daAuts
